[Event "Titled Tuesday Blitz November 07 Late 2023"]
[White "Hambleton, Aman"]
[Black "Remolar Gallen, Jose"]
[WhiteFideId "2606577"]
[BlackFideId "2215187"]
[WhiteElo "2756"]
[BlackElo "2507"]
[Result "0-1"]
[Round "5"]
[TimeControl "180+1"]
[Date "2023.11.07"]
[WhiteClock "0:00:00"]
[BlackClock "0:00:08"]
[Board "42"]

1. d4 Nf6 2. Bf4 c5 3. e3 e6 4. c3 Nc6 5. Nd2 cxd4 6. exd4 Be7 7. Ngf3 O-O 8. Bd3 d6 9. O-O e5 10. Bg3 Re8 11. Re1 Bf8 12. Qc2 exd4 13. Rxe8 Qxe8 14. Re1 Be6 15. Bh4 dxc3 16. bxc3 Rc8 17. Bxf6 gxf6 18. Bxh7+ Kh8 19. Bf5 Ne5 20. Nd4 Bh6 21. Ne4 Bxf5 22. Nxf5 d5 23. Nxh6 dxe4 24. Qxe4 Qe6 25. Nf5 Rc4 0-1


[Site "https://www.chess.com"]

[Event "Titled Tuesday Blitz November 07 Late 2023"]
[White "Suspenser17"]
[Black "Korchmar, Vasiliy"]
[BlackFideId "24131750"]
[WhiteElo "2437"]
[BlackElo "2753"]
[Result "0-1"]
[Round "5"]
[TimeControl "180+1"]
[Date "2023.11.07"]
[WhiteClock "0:00:00"]
[BlackClock "0:00:01"]
[Board "43"]

1. e4 c5 2. c3 d5 3. exd5 Nf6 4. Bb5+ Nbd7 5. d4 Nxd5 6. dxc5 e6 7. c6 bxc6 8. Bxc6 Rb8 9. Nf3 Ba6 10. Nbd2 Nf4 11. c4 Nd3+ 12. Kf1 Bc5 13. Qe2 Nxf2 14. Ne5 Bc8 15. Rg1 O-O 16. Nxd7 Bxd7 17. Bf3 Ng4 18. Bxg4 Bxg1 19. Kxg1 Bc6 20. Bf3 Qd4+ 21. Kh1 Rfc8 22. h3 Bxf3 23. Qxf3 a5 24. Qe4 Qf6 25. Nf3 a4 26. Rb1 h6 27. b3 axb3 28. axb3 Ra8 29. Bb2 Qe7 30. Qe5 f6 31. Qe3 Ra2 32. Nd4 e5 33. Nf5 Qd7 34. Ng3 Rd8 35. Bc3 Qd3 36. Re1 Qc2 37. Qf3 Rd3 38. Qb7 Qxc3 0-1


[Site "https://www.chess.com"]

[Event "Titled Tuesday Blitz November 07 Late 2023"]
[White "FuenfgegenWilly"]
[Black "Rosen, Eric"]
[BlackFideId "2032562"]
[WhiteElo "2432"]
[BlackElo "2746"]
[Result "1-0"]
[Round "5"]
[TimeControl "180+1"]
[Date "2023.11.07"]
[WhiteClock "0:00:07"]
[BlackClock "0:00:00"]
[Board "44"]

1. d4 d5 2. c4 e6 3. Nc3 Nf6 4. cxd5 exd5 5. Bg5 c6 6. e3 Bd6 7. Bd3 h6 8. Bf4 Bxf4 9. exf4 O-O 10. Nf3 Re8+ 11. Ne2 Qa5+ 12. Kf1 b6 13. a3 c5 14. Ne5 c4 15. Bc2 b5 16. Rg1 Ng4 17. Rh1 Qb6 18. h3 Nxe5 19. fxe5 Nc6 20. g4 a5 21. f4 b4 22. Kg2 Ba6 23. Ba4 Bb5 24. Bxb5 Qxb5 25. a4 Qb6 26. h4 Rac8 27. Qd2 c3 28. bxc3 bxc3 29. Nxc3 Nxd4 30. Rab1 Qc5 31. Rhc1 Ne6 32. Ne2 Qa3 33. Rxc8 Rxc8 34. Rd1 Rd8 35. f5 Nc5 36. Qd4 Ne4 37. Rd3 1-0


[Site "https://www.chess.com"]

[Event "Titled Tuesday Blitz November 07 Late 2023"]
[White "Rastbod, Ali"]
[Black "Harriott, Tyrell"]
[WhiteFideId "12567477"]
[BlackFideId "2086484"]
[WhiteElo "2736"]
[BlackElo "2368"]
[Result "1-0"]
[Round "5"]
[TimeControl "180+1"]
[Date "2023.11.07"]
[WhiteClock "0:00:08"]
[BlackClock "0:00:03"]
[Board "45"]

1. d4 e6 2. Nf3 d5 3. e3 Bd6 4. Bd3 f5 5. Ne5 Nf6 6. c4 c6 7. O-O O-O 8. b3 Nbd7 9. f4 Qe7 10. a4 Kh8 11. Ba3 Bxa3 12. Nxa3 Rg8 13. Nf3 Ne4 14. Bxe4 dxe4 15. Ne5 g5 16. Kh1 gxf4 17. exf4 Qg7 18. Qe2 Nxe5 19. dxe5 Bd7 20. c5 Be8 21. Ra2 Rd8 22. Nc4 Rd3 23. Nd6 Rxb3 24. Rb2 Rxb2 25. Qxb2 b6 26. Qf2 Bh5 27. Re1 bxc5 28. h3 c4 29. Nxc4 h6 30. Kh2 Kh7 31. Nd6 Kh8 32. a5 a6 33. Re3 Kh7 34. Rc3 Be8 35. Nxe8 Rxe8 36. Rxc6 Qb7 37. Qc5 Re7 38. Rb6 Qd7 39. Rxa6 Rg7 40. Rd6 Qb7 41. Qf2 e3 42. Qe2 Qe4 43. Rxe6 Qxf4+ 44. Kg1 Qe4 45. Rf6 f4 46. Rf8 f3 47. Qxf3 Qxf3 48. Rxf3 e2 49. Re3 Ra7 50. Rxe2 Kg7 51. e6 Re7 52. a6 Kf6 53. a7 Rxa7 54. Kh2 Ra1 55. e7 h5 56. e8=Q h4 57. Qe5+ Kf7 58. Qxa1 Kg6 59. Qe5 Kf7 60. Ra2 Kg6 61. Ra6+ Kf7 62. Qc7+ 1-0


[Site "https://www.chess.com"]

[Event "Titled Tuesday Blitz November 07 Late 2023"]
[White "Samarth J Rao"]
[Black "Tatarinov, Dmitry"]
[WhiteFideId "46652370"]
[BlackFideId "24160067"]
[WhiteElo "2113"]
[BlackElo "2732"]
[Result "0-1"]
[Round "5"]
[TimeControl "180+1"]
[Date "2023.11.07"]
[WhiteClock "0:00:00"]
[BlackClock "0:01:09"]
[Board "46"]

1. e4 c5 2. Nf3 e6 3. d4 cxd4 4. Nxd4 Bc5 5. Nb3 Be7 6. Nc3 Nc6 7. Bd3 Nf6 8. O-O O-O 9. f4 d6 10. Kh1 a6 11. a4 b6 12. Qe2 Bb7 13. Be3 Nb4 14. a5 b5 15. Bb6 Qc8 16. Nd4 Nd7 17. Nb3 Nxb6 18. axb6 Qc6 19. Qf2 Bd8 20. Na5 Qc8 21. Qd4 Nc6 22. Qxd6 Bxb6 23. Nxb7 Qxb7 24. f5 Rad8 25. Qg3 Bc7 26. Qh4 exf5 27. exf5 f6 28. Be4 Be5 29. Bd5+ Kh8 30. Rf3 h6 31. Qe4 Rd6 32. Na2 Qb6 33. c3 Rfd8 34. Bxc6 Rd1+ 35. Rf1 Rxa1 36. Rxa1 Qf2 37. Qf3 Qxb2 0-1


[Site "https://www.chess.com"]

[Event "Titled Tuesday Blitz November 07 Late 2023"]
[White "Khismatullin, Denis"]
[Black "Tologon tegin, Semetei"]
[WhiteFideId "4142578"]
[BlackFideId "13800574"]
[WhiteElo "2933"]
[BlackElo "2584"]
[Result "0-1"]
[Round "5"]
[TimeControl "180+1"]
[Date "2023.11.07"]
[WhiteClock "0:00:00"]
[BlackClock "0:01:05"]
[Board "47"]

1. e4 Nc6 2. Nf3 e6 3. d4 d5 4. Nbd2 dxe4 5. Nxe4 Nf6 6. Bg5 Be7 7. Bxf6 Bxf6 8. c3 O-O 9. Bb5 Bd7 10. Qe2 a6 11. Bd3 Re8 12. O-O-O e5 13. d5 Na7 14. h4 Bg4 15. Qc2 h6 16. c4 Nc8 17. c5 b6 18. d6 bxc5 19. d7 Bxd7 20. Bc4 Nd6 21. Nxd6 cxd6 22. Rxd6 e4 23. Rhd1 Ra7 24. Nd2 Be5 25. Nxe4 Bxd6 26. Nxd6 Rf8 27. g3 Qe7 0-1


[Site "https://www.chess.com"]

[Event "Titled Tuesday Blitz November 07 Late 2023"]
[White "Brodsky, David"]
[Black "Keleberda, Tymur"]
[WhiteFideId "2073250"]
[BlackFideId "14174294"]
[WhiteElo "2800"]
[BlackElo "2522"]
[Result "1-0"]
[Round "5"]
[TimeControl "180+1"]
[Date "2023.11.07"]
[WhiteClock "0:00:14"]
[BlackClock "0:00:00"]
[Board "48"]

1. e4 c5 2. Nf3 d6 3. d4 cxd4 4. Nxd4 Nf6 5. Nc3 a6 6. Rg1 e6 7. g4 h6 8. h4 Nfd7 9. g5 hxg5 10. hxg5 g6 11. Be3 Bg7 12. Qd2 Ne5 13. O-O-O Rh2 14. Be2 Qc7 15. Ndb5 axb5 16. Nxb5 Qc6 17. Nxd6+ Kf8 18. Nxc8 Qxc8 19. Qd8+ Qxd8 20. Rxd8+ Ke7 21. Rgd1 Ned7 22. R1xd7+ Nxd7 23. Rxa8 Rh1+ 24. Kd2 Bxb2 25. Ra7 Bc1+ 26. Kd3 Bxe3 27. Kxe3 Nc5 28. Kd4 Re1 29. Kxc5 Rxe2 30. Rxb7+ Kf8 31. Rb2 Rxf2 32. a4 Rg2 33. a5 Rxg5+ 34. Kb6 Rh5 35. a6 Ke7 36. a7 Rh8 37. c4 Kd6 38. c5+ Ke5 39. c6 g5 40. c7 g4 41. Kb7 Kxe4 42. c8=Q Rxc8 43. Kxc8 g3 44. a8=Q+ Ke3 45. Rb3+ 1-0


[Site "https://www.chess.com"]

[Event "Titled Tuesday Blitz November 07 Late 2023"]
[White "Toropov, Pavel"]
[Black "ChessBrainiacOnTwitch"]
[WhiteFideId "24129178"]
[WhiteElo "2568"]
[BlackElo "2796"]
[Result "1-0"]
[Round "5"]
[TimeControl "180+1"]
[Date "2023.11.07"]
[WhiteClock "0:01:31"]
[BlackClock "0:00:00"]
[Board "49"]

1. e4 c5 2. Nf3 d6 3. Bb5+ Nd7 4. d4 cxd4 5. Qxd4 a6 6. Bxd7+ Bxd7 7. Nc3 e5 8. Qd3 Nf6 9. Bg5 Rc8 10. O-O-O h6 11. Bxf6 Qxf6 12. Nd5 Qd8 13. Kb1 g6 14. h4 h5 15. Nd2 Bg7 16. Nc4 Bb5 17. Nde3 Rc6 18. Nxd6+ Ke7 19. Ndf5+ gxf5 20. Nxf5+ Kf6 21. Qg3 Qf8 22. Qg5+ 1-0


[Site "https://www.chess.com"]

[Event "Titled Tuesday Blitz November 07 Late 2023"]
[White "Maksimovic, Bojan"]
[Black "Rangel, Daniel"]
[WhiteFideId "14408120"]
[BlackFideId "2124475"]
[WhiteElo "2728"]
[BlackElo "2517"]
[Result "1-0"]
[Round "5"]
[TimeControl "180+1"]
[Date "2023.11.07"]
[WhiteClock "0:01:55"]
[BlackClock "0:00:02"]
[Board "50"]

1. e4 c5 2. Nf3 g6 3. c3 Bg7 4. d4 cxd4 5. cxd4 d5 6. e5 Bg4 7. Nbd2 e6 8. h3 Bxf3 9. Nxf3 Nc6 10. Be2 Nge7 11. O-O O-O 12. Bf4 Qb6 13. Qd2 Rfc8 14. Rac1 Nf5 15. Rfd1 Na5 16. g4 Ne7 17. Bg5 Nec6 18. b3 Bf8 19. Bf6 Nb4 20. h4 Rc6 21. Rxc6 Nbxc6 22. h5 Rc8 23. hxg6 fxg6 24. Ng5 Nd8 25. Nxh7 Kxh7 26. Kg2 Kg8 27. Qg5 Kf7 28. Bd3 Ke8 29. Qxg6+ Kd7 30. Qh7+ Kc6 31. Rc1+ Nc4 32. bxc4 Rc7 33. cxd5+ Kxd5 34. Qe4# 1-0


[Site "https://www.chess.com"]

[Event "Titled Tuesday Blitz November 07 Late 2023"]
[White "Tifferet, Shaked"]
[Black "MKlose11"]
[WhiteFideId "2811529"]
[WhiteElo "2514"]
[BlackElo "2713"]
[Result "0-1"]
[Round "5"]
[TimeControl "180+1"]
[Date "2023.11.07"]
[WhiteClock "0:00:48"]
[BlackClock "0:01:19"]
[Board "51"]

1. e4 e6 2. b3 d5 3. e5 c5 4. f4 Nc6 5. Nf3 f6 6. Bb2 fxe5 7. Nxe5 Nxe5 8. Bxe5 Nf6 9. Nc3 Bd6 10. Bd3 O-O 11. O-O g6 12. Qe2 a6 13. a4 b6 14. Rae1 Qc7 15. Kh1 Qe7 16. Rf3 a5 17. Rg3 Bxe5 18. fxe5 Ne8 19. Qe3 Bd7 20. Qh6 Ng7 21. Rh3 Nf5 22. Bxf5 Rxf5 23. Rg3 Raf8 24. h4 Bc6 25. h5 Qh4+ 26. Rh3 Qxe1+ 27. Kh2 Qxe5+ 28. Rg3 Rxh5+ 0-1


[Site "https://www.chess.com"]

[Event "Titled Tuesday Blitz November 07 Late 2023"]
[White "Hilary46"]
[Black "JackRodgers"]
[WhiteElo "2704"]
[BlackElo "2507"]
[Result "0-1"]
[Round "5"]
[TimeControl "180+1"]
[Date "2023.11.07"]
[WhiteClock "0:00:01"]
[BlackClock "0:00:09"]
[Board "52"]

1. e4 c5 2. Nf3 g6 3. d4 cxd4 4. Nxd4 Nc6 5. Nc3 Bg7 6. Be3 Nf6 7. Nxc6 bxc6 8. e5 Ng8 9. Bd4 Nh6 10. e6 O-O 11. Bxg7 Kxg7 12. exd7 Qxd7 13. Qxd7 Bxd7 14. O-O-O Rfd8 15. Bc4 Ng4 16. Rd2 Bf5 17. Rxd8 Rxd8 18. f3 Ne3 19. Bb3 Nxg2 20. Ba4 c5 21. Rd1 Rxd1+ 22. Kxd1 Ne3+ 23. Kc1 Bh3 24. Bb5 Bf5 25. Ne4 Bxe4 26. fxe4 Kf6 27. Kd2 Ng4 28. h4 Ke5 29. Bc6 Nf2 30. Ke3 Nd1+ 31. Kd2 Nxb2 32. Bb5 c4 33. Kc3 Nd1+ 34. Kxc4 Kxe4 35. Bc6+ Ke5 36. Kb5 Nc3+ 37. Kc4 Nxa2 38. Bb5 a5 39. c3 Kd6 40. Kb3 Nxc3 41. Kxc3 Ke5 42. Be8 f5 43. h5 Kf6 44. h6 g5 45. Kd4 e5+ 46. Kd5 e4 47. Kd4 g4 48. Ke3 Kg5 49. Bd7 g3 50. Ke2 f4 51. Bc6 e3 52. Be4 Kxh6 53. Bc2 Kg7 54. Kf3 h5 55. Bd1 Kf6 56. Be2 Kg5 57. Bf1 a4 58. Bc4 a3 59. Bd5 h4 60. Be6 h3 61. Bd5 g2 62. Bc4 g1=Q 63. Be2 Qg3+ 0-1


[Site "https://www.chess.com"]

[Event "Titled Tuesday Blitz November 07 Late 2023"]
[White "Perske, Thore"]
[Black "Marchesich, Giovanni"]
[WhiteFideId "12902195"]
[BlackFideId "2824790"]
[WhiteElo "2646"]
[BlackElo "2433"]
[Result "1-0"]
[Round "5"]
[TimeControl "180+1"]
[Date "2023.11.07"]
[WhiteClock "0:02:05"]
[BlackClock "0:02:01"]
[Board "53"]

1. e4 e5 2. Nf3 Nc6 3. Bb5 a6 4. Ba4 Bc5 5. O-O Nge7 6. c3 Ba7 7. d4 Ng6 8. Be3 O-O 9. Nbd2 d5 10. exd5 Qxd5 11. c4 Qd6 12. c5 Qe7 13. d5 Nd4 14. Nxd4 exd4 15. Bxd4 Bxc5 16. Re1 Qd6 17. Ne4 Qxd5 18. Bxc5 Qxd1 19. Raxd1 1-0


[Site "https://www.chess.com"]

[Event "Titled Tuesday Blitz November 07 Late 2023"]
[White "Bochnicka, Vladimir"]
[Black "Fiorito, Francisco"]
[WhiteFideId "14943450"]
[BlackFideId "180165"]
[WhiteElo "2427"]
[BlackElo "2613"]
[Result "1-0"]
[Round "5"]
[TimeControl "180+1"]
[Date "2023.11.07"]
[WhiteClock "0:00:19"]
[BlackClock "0:00:19"]
[Board "54"]

1. e4 e5 2. Nf3 Nf6 3. Nxe5 d6 4. Nf3 Nxe4 5. Qe2 Qe7 6. d3 Nf6 7. Bg5 Qxe2+ 8. Bxe2 Be7 9. Nc3 O-O 10. O-O-O h6 11. Bd2 c6 12. h3 Be6 13. Rdg1 Nbd7 14. Nd4 Nc5 15. Nxe6 Nxe6 16. f4 Nd4 17. Bd1 d5 18. g4 g6 19. h4 Nh7 20. Rg3 Bf6 21. f5 g5 22. hxg5 Bxg5 23. Bxg5 hxg5 24. Rgh3 Nf6 25. Na4 Kg7 26. c3 Nb5 27. Nc5 b6 28. Nb3 Rh8 29. Nd2 Rxh3 30. Rxh3 Re8 31. Nf3 Nh7 32. Kd2 Nd6 33. d4 Ne4+ 34. Kc1 Nf2 35. Rg3 Re1 36. Nxe1 Ne4 37. Rg1 Nhf6 38. Nd3 Nd7 39. Ne5 Nb8 40. Bc2 Nd6 41. Rh1 f6 42. Ng6 Nd7 43. Rh8 Nc4 44. Rd8 Nc5 45. dxc5 bxc5 46. Rd7+ Kg8 47. Rxa7 Ne3 48. a4 Nxg4 49. a5 Ne3 50. a6 Nc4 51. Rb7 Na5 52. a7 Nxb7 53. a8=Q+ Kg7 54. Qxb7+ Kh6 55. Bd1 g4 56. Qc7 Kg5 57. Qf4+ Kh5 58. Bxg4# 1-0


[Site "https://www.chess.com"]

[Event "Titled Tuesday Blitz November 07 Late 2023"]
[White "Jamal-Jamal-Jamal"]
[Black "Ozates, Tuna"]
[BlackFideId "6354521"]
[WhiteElo "2324"]
[BlackElo "2596"]
[Result "1-0"]
[Round "5"]
[TimeControl "180+1"]
[Date "2023.11.07"]
[WhiteClock "0:01:14"]
[BlackClock "0:00:00"]
[Board "55"]

1. e4 c5 2. Nf3 e6 3. d4 cxd4 4. Nxd4 a6 5. c4 Nf6 6. Nc3 Qc7 7. a3 b6 8. f4 d6 9. Bd3 Bb7 10. Be3 Nbd7 11. b4 e5 12. Nf3 exf4 13. Bxf4 Ne5 14. Bxe5 dxe5 15. O-O b5 16. Nd5 Bxd5 17. cxd5 Be7 18. Kh1 h5 19. Rc1 Qb8 20. a4 h4 21. axb5 axb5 22. Qe2 Nh5 23. Bxb5+ Kf8 24. Kg1 Qb6+ 25. Rf2 Bxb4 26. Qc4 Ba3 27. Nxe5 Kg8 28. d6 Rf8 29. Nxf7 Bxc1 30. Ng5+ 1-0


[Site "https://www.chess.com"]

[Event "Titled Tuesday Blitz November 07 Late 2023"]
[White "Roberson, Peter T"]
[Black "Awoki, Daniel Teidi"]
[WhiteFideId "412384"]
[BlackFideId "2100827"]
[WhiteElo "2587"]
[BlackElo "2311"]
[Result "1-0"]
[Round "5"]
[TimeControl "180+1"]
[Date "2023.11.07"]
[WhiteClock "0:00:05"]
[BlackClock "0:00:00"]
[Board "56"]

1. e4 c5 2. Nf3 e6 3. g3 Nc6 4. Bg2 Qc7 5. O-O d6 6. c3 Nf6 7. Re1 Be7 8. d4 cxd4 9. cxd4 O-O 10. Nc3 a6 11. e5 Nd7 12. Bf4 dxe5 13. dxe5 Rd8 14. Rc1 Ndxe5 15. Bxe5 Nxe5 16. Nd5 Nxf3+ 17. Qxf3 Qd6 18. Rc7 Qxd5 19. Qxd5 exd5 20. Rexe7 Be6 21. Rxb7 Rdb8 22. b3 Rxb7 23. Rxb7 g6 24. Rc7 a5 25. Kf1 a4 26. b4 a3 27. b5 Rb8 28. Rc5 d4 29. Bd5 Kf8 30. Bxe6 fxe6 31. Ke2 Ke7 32. Kd3 Kd6 33. Kxd4 Rb6 34. f4 h6 35. h4 Rb8 36. Kc4 Ra8 37. Rc6+ Kd7 38. Kc5 Ra4 39. Kb6 Rb4 40. Rc3 1-0


[Site "https://www.chess.com"]

[Event "Titled Tuesday Blitz November 07 Late 2023"]
[White "Rasulov, Vugar"]
[Black "Musovic, Armin"]
[WhiteFideId "13402390"]
[BlackFideId "939935"]
[WhiteElo "2944"]
[BlackElo "2497"]
[Result "1-0"]
[Round "5"]
[TimeControl "180+1"]
[Date "2023.11.07"]
[WhiteClock "0:00:45"]
[BlackClock "0:00:02"]
[Board "57"]

1. b3 Nf6 2. Bb2 d5 3. e3 a6 4. c4 Nc6 5. Nf3 Bg4 6. Be2 e6 7. h3 Bh5 8. O-O Be7 9. d4 O-O 10. Nc3 h6 11. Rc1 Re8 12. Ne5 Bxe2 13. Qxe2 Nxe5 14. dxe5 Nd7 15. cxd5 Nxe5 16. dxe6 fxe6 17. Rfd1 Bd6 18. Ne4 Qe7 19. Qh5 Qf7 20. Qe2 Rad8 21. Bxe5 Bxe5 22. f4 Qf5 23. Ng3 Qg6 24. Qg4 Qxg4 25. hxg4 Rxd1+ 26. Rxd1 Bc3 27. Rd7 e5 28. Ne4 Ba5 29. f5 Bb6 30. Kf2 Rf8 31. Kf3 Rf7 32. Rxf7 Kxf7 33. Nd2 Kf6 34. g3 c6 35. Ne4+ Ke7 36. Ke2 Ba7 37. Kd3 b5 38. b4 Bb6 39. a3 Ba7 40. g5 hxg5 41. g4 Bb6 42. Nxg5 Ba7 43. Ne6 g6 44. e4 Kf6 45. Ke2 Bb6 46. Kf3 Kf7 47. g5 Ba7 48. Nd8+ Kg7 49. f6+ Kf8 50. Nxc6 Bg1 51. Nxe5 Bd4 52. Nxg6+ Kf7 53. Nf4 Bb2 54. Kg4 Bxa3 55. e5 Bxb4 56. g6+ Kg8 57. Kf5 a5 58. e6 a4 59. e7 1-0


[Site "https://www.chess.com"]

[Event "Titled Tuesday Blitz November 07 Late 2023"]
[White "Czerw, Dawid"]
[Black "Grigoriants, Sergey"]
[WhiteFideId "1145746"]
[BlackFideId "4130804"]
[WhiteElo "2492"]
[BlackElo "2901"]
[Result "0-1"]
[Round "5"]
[TimeControl "180+1"]
[Date "2023.11.07"]
[WhiteClock "0:00:05"]
[BlackClock "0:00:09"]
[Board "58"]

1. e4 e6 2. d4 d5 3. Nc3 Nf6 4. Bg5 dxe4 5. Nxe4 Nbd7 6. Nf3 Be7 7. Nxf6+ Bxf6 8. Bxf6 Nxf6 9. Bd3 O-O 10. O-O b6 11. c3 Bb7 12. Qe2 Qe7 13. Rad1 Rad8 14. Rfe1 c5 15. dxc5 Qxc5 16. Bb1 g6 17. Ne5 Kg7 18. h3 a5 19. Bc2 Rd5 20. Bb3 Rxd1 21. Rxd1 b5 22. a4 bxa4 23. Bxa4 Bd5 24. Qb5 Qc7 25. Nd7 Nxd7 26. Qxd7 Qf4 27. Bc6 Bxc6 28. Qxc6 Rb8 29. g3 Qf5 30. b4 axb4 31. cxb4 Qxh3 32. b5 Qh5 33. Rb1 Qf5 34. Rb2 Qe5 35. Rb1 Qf5 36. Rb2 Rd8 37. Qc3+ Qf6 38. Qb3 Rd1+ 39. Kg2 Re1 40. b6 Qe5 41. b7 Qe4+ 42. Qf3 Rg1+ 43. Kxg1 Qxf3 44. b8=Q Qd1+ 45. Kg2 Qd5+ 46. Kh2 Qh5+ 47. Kg2 Qd5+ 48. f3 Qd4 49. Qb3 e5 50. Rc2 h5 51. Qc3 Qd5 52. Re2 Kf6 53. Qe3 g5 54. Qe4 Qb5 55. Rc2 g4 56. Rc6+ Kg5 57. Qe3+ Kf5 58. fxg4+ hxg4 59. Qf2+ Ke4 60. Rf6 Qd5 61. Rxf7 Kd3+ 62. Kh2 e4 63. Qf1+ Ke3 64. Rf2 Qh5+ 65. Kg2 Kd4 66. Qe1 Ke5 67. Qe2 Qh6 68. Rf4 Qc6 69. Rxg4 e3+ 70. Kg1 Qc1+ 71. Kh2 Qd2 72. Qxd2 exd2 73. Rg5+ Ke4 74. Rg4+ Ke3 75. Rf4 d1=Q 76. Kh3 Qh1+ 77. Kg4 Qd5 78. Kh3 Qg5 79. Kg2 Ke2 80. Kh3 Qh5+ 81. Kg2 Qd5+ 82. Kh3 Qh1+ 83. Kg4 Kd3 84. Kg5 Qh3 85. g4 Qe3 86. Kf5 Qc5+ 87. Kg6 Qd6+ 88. Kg5 Qe5+ 89. Rf5 Qg7+ 90. Kh5 Ke4 91. Kh4 Qh6+ 92. Kg3 Qd6+ 93. Kh4 Qh6+ 94. Kg3 Qg6 95. Kh4 Ke3 96. Kg3 Qh6 97. g5 Qh5 98. Re5+ Kd4 99. Rf5 Ke4 100. Rf4+ Ke5 101. Rg4 Kf5 102. Rf4+ Kxg5 103. Rf3 Qh4+ 104. Kg2 Qe4 105. Kf2 Kg4 106. Rg3+ Kf4 107. Rh3 Qc2+ 108. Kf1 Kg4 109. Re3 Qd2 110. Re2 Qd3 111. Kf2 Kf4 112. Re1 Qg3+ 113. Ke2 Qe3+ 114. Kf1 Qf3+ 115. Kg1 Kg3 116. Rf1 Qe3+ 117. Kh1 Qe4+ 118. Kg1 Qd4+ 119. Kh1 Qh4+ 120. Kg1 Qh2# 0-1


[Site "https://www.chess.com"]

[Event "Titled Tuesday Blitz November 07 Late 2023"]
[White "Novik, Maxim"]
[Black "Mekhitarian, Krikor Sevag"]
[WhiteFideId "4102924"]
[BlackFideId "2107660"]
[WhiteElo "2491"]
[BlackElo "2759"]
[Result "1-0"]
[Round "5"]
[TimeControl "180+1"]
[Date "2023.11.07"]
[WhiteClock "0:00:58"]
[BlackClock "0:00:03"]
[Board "59"]

1. e4 e6 2. d4 d5 3. e5 c5 4. c3 Nc6 5. Nf3 Bd7 6. Bd3 cxd4 7. cxd4 Qb6 8. Be2 Nge7 9. Nc3 Nf5 10. Na4 Qa5+ 11. Nc3 Bb4 12. O-O Bxc3 13. bxc3 Qxc3 14. Bd2 Qa3 15. Rb1 b6 16. Bb5 O-O 17. Bxc6 Bxc6 18. Bb4 Qxa2 19. Bxf8 Kxf8 20. g4 Ne7 21. Qd3 Kg8 22. Rfc1 Be8 23. h4 h6 24. h5 Qa4 25. Rc7 Nc6 26. g5 Qc4 27. Qe3 hxg5 28. Rc1 Qa4 29. Qxg5 Qa3 30. h6 g6 31. Kg2 Qd3 32. Qf6 1-0


[Site "https://www.chess.com"]

[Event "Titled Tuesday Blitz November 07 Late 2023"]
[White "Khater, Sherif"]
[Black "Goltsev, Dmitry"]
[WhiteFideId "2034280"]
[BlackFideId "24176710"]
[WhiteElo "2490"]
[BlackElo "2731"]
[Result "0-1"]
[Round "5"]
[TimeControl "180+1"]
[Date "2023.11.07"]
[WhiteClock "0:00:00"]
[BlackClock "0:00:07"]
[Board "60"]

1. c4 e5 2. g3 d5 3. Bg2 dxc4 4. Qa4+ c6 5. Qxc4 Nf6 6. d3 Be7 7. Nf3 Be6 8. Qc2 Nbd7 9. O-O h6 10. b3 O-O 11. Bb2 Qc7 12. Nbd2 Nd5 13. Rac1 f6 14. d4 Rae8 15. dxe5 fxe5 16. Rfd1 Bc5 17. Ne4 Bf5 18. Nh4 Bxf2+ 19. Kh1 Ne3 20. Qb1 Nxd1 21. Nxf5 Nxb2 22. Ned6 Re6 23. Bd5 Qxd6 24. Nxd6 cxd5 25. Nf5 e4 26. Qxb2 Rxf5 27. Rc7 Rf7 28. Qc2 Kh7 29. Rxb7 Ref6 30. Qc8 Nb6 31. Qb8 Rxb7 32. Qxb7 Bd4 33. a4 a5 34. h4 Rf1+ 35. Kg2 Rf2+ 36. Kh3 Rxe2 37. Qc7 Rf2 38. h5 Rf6 39. Qd8 Bc3 40. Qe8 Bb4 41. Kg4 Bd6 42. Kh3 Bc5 43. Kg4 Rf8 44. Qg6+ Kh8 45. Qc6 Bf2 46. Kh3 e3 47. Qe6 d4 48. Qe4 Nd7 49. b4 axb4 50. a5 Nf6 51. Qd3 b3 52. a6 b2 53. Qb5 e2 54. a7 e1=Q 55. Qc6 Qf1+ 0-1


[Site "https://www.chess.com"]

[Event "Titled Tuesday Blitz November 07 Late 2023"]
[White "Martinez Ramirez, Lennis"]
[Black "MclarenF1LM"]
[WhiteFideId "3509079"]
[WhiteElo "2708"]
[BlackElo "2487"]
[Result "1-0"]
[Round "5"]
[TimeControl "180+1"]
[Date "2023.11.07"]
[WhiteClock "0:01:24"]
[BlackClock "0:00:00"]
[Board "61"]

1. c4 e6 2. g3 Nf6 3. Nf3 d5 4. Bg2 Be7 5. O-O O-O 6. b3 c5 7. cxd5 exd5 8. d4 Nc6 9. Bb2 Re8 10. Nc3 Bg4 11. dxc5 Bxc5 12. Rc1 Be7 13. e3 Rc8 14. Ne2 h6 15. Nf4 Qa5 16. a3 Rcd8 17. b4 Qa6 18. h3 Bf5 19. Nd4 Nxd4 20. Qxd4 Be4 21. f3 Bf5 22. g4 Bd7 23. Rfd1 Bc6 24. Bf1 Qb6 25. Qxb6 axb6 26. b5 Bd7 27. Bxf6 Bxf6 28. Nxd5 Be7 29. Nxb6 Be6 30. Rxd8 Rxd8 31. a4 Rd2 32. Nc4 Ra2 33. a5 Bxc4 34. Rxc4 Rxa5 35. Rc7 Bh4 36. Bd3 Kf8 37. f4 Ra3 38. Bc4 Rxe3 39. Rxf7+ Ke8 40. Rxb7 Rxh3 41. Rxg7 Rc3 42. Bd5 Rc2 43. f5 Rb2 44. Rg6 Bg5 45. f6 Kd7 46. f7 Ke7 47. Re6+ 1-0


[Site "https://www.chess.com"]

[Event "Titled Tuesday Blitz November 07 Late 2023"]
[White "Priasmoro, Novendra"]
[Black "Willy, Stephen"]
[WhiteFideId "7105029"]
[BlackFideId "30981468"]
[WhiteElo "2683"]
[BlackElo "2482"]
[Result "1-0"]
[Round "5"]
[TimeControl "180+1"]
[Date "2023.11.07"]
[WhiteClock "0:00:09"]
[BlackClock "0:00:02"]
[Board "62"]

1. d4 d5 2. Nf3 Nf6 3. g3 Nc6 4. Bg2 Bf5 5. O-O e6 6. Nh4 Be4 7. f3 Bg6 8. Nxg6 hxg6 9. c3 Bd6 10. e4 dxe4 11. fxe4 e5 12. Bg5 Rh5 13. Be3 Qd7 14. d5 Ne7 15. Bf3 Rh7 16. c4 b6 17. a3 a5 18. Nc3 Qh3 19. Rf2 Kd7 20. Qa4+ Kd8 21. b4 Qc8 22. c5 axb4 23. Qxb4 bxc5 24. Bxc5 Rb8 25. Qc4 Nd7 26. Be3 Nb6 27. Qd3 Nd7 28. a4 Nc5 29. Qc4 Nb3 30. Rb1 Na5 31. Qd3 Nb3 32. Nb5 Nc5 33. Qc4 Nb7 34. Rfb2 Ra8 35. Na7 Rxa7 36. Bxa7 Na5 37. Qb5 Qh3 38. Qxa5 f5 39. Rb8+ Nc8 40. Rxc8+ Kxc8 41. Rb8+ Kd7 42. Qb5+ Ke7 43. Qe8+ Kf6 44. Qe6+ Kg5 45. Be3+ f4 46. Qxh3 Rxh3 47. Bd2 Rh7 48. Kg2 c6 49. Rd8 Bc5 50. dxc6 Kf6 51. c7 fxg3 52. hxg3 Rh8 53. c8=Q Rxd8 54. Qxd8+ Be7 55. Qd7 1-0


[Site "https://www.chess.com"]

[Event "Titled Tuesday Blitz November 07 Late 2023"]
[White "Zirkelbach, Maj"]
[Black "Luczak, Filip"]
[WhiteFideId "14613395"]
[BlackFideId "1193686"]
[WhiteElo "2482"]
[BlackElo "2678"]
[Result "1-0"]
[Round "5"]
[TimeControl "180+1"]
[Date "2023.11.07"]
[WhiteClock "0:00:11"]
[BlackClock "0:00:31"]
[Board "63"]

1. d4 g6 2. c4 Bg7 3. h4 d6 4. h5 e5 5. d5 f5 6. hxg6 hxg6 7. Rxh8 Bxh8 8. Nc3 a5 9. e4 Na6 10. Bd3 Nc5 11. Bc2 Qh4 12. Qf3 Bd7 13. Be3 O-O-O 14. O-O-O f4 15. Bxc5 dxc5 16. g3 fxg3 17. Qxg3 Qh6+ 18. Kb1 Ne7 19. Nf3 Qf4 20. d6 cxd6 21. Rxd6 Bg4 22. Rxd8+ Kxd8 23. Nh2 Be6 24. Nd5 Bxd5 25. cxd5 Qxg3 26. fxg3 Nc8 27. a4 Nd6 28. Nf3 Bf6 29. b3 Kc7 30. Bd3 b6 31. Kc2 Nf7 32. Kd2 Ng5 33. Ke3 Nxf3 34. Kxf3 Kd6 35. Kg4 Ke7 36. Bb5 Kf7 37. d6 Bd8 38. Bd7 Kf6 39. Kf3 Kf7 40. Ke3 Bg5+ 41. Kd3 Bd8 42. Kc4 Kf6 43. Kd5 g5 44. g4 Kf7 45. Kc6 Kg7 46. Kb7 Kf7 47. Kc8 Bf6 48. Kc7 1-0


[Site "https://www.chess.com"]

[Event "Titled Tuesday Blitz November 07 Late 2023"]
[White "Kavutskiy, Konstantin"]
[Black "Cristi_Coca"]
[WhiteFideId "2026384"]
[WhiteElo "2676"]
[BlackElo "2481"]
[Result "1-0"]
[Round "5"]
[TimeControl "180+1"]
[Date "2023.11.07"]
[WhiteClock "0:02:12"]
[BlackClock "0:01:54"]
[Board "64"]

1. d4 Nf6 2. c4 g6 3. Nc3 Bg7 4. e4 d6 5. h3 O-O 6. Be3 Nfd7 7. Nf3 c5 8. d5 Qa5 9. Qd2 a6 10. a4 b5 11. cxb5 axb5 12. Bxb5 Ba6 13. Bxa6 Nxa6 14. O-O Rfb8 15. Rfb1 c4 16. Nd4 Nac5 17. Nc6 Qb4 18. Nxb4 1-0


[Site "https://www.chess.com"]